 Dungeon Crawl Stone Soup version 0.24.0-28-g17ded55e90 (webtiles) character file.

Game seed: 15046207584027578999, levelgen mode: deterministic

7065 Iamsoldier the Slicer (level 11, 0/71 HPs)
             Began as a Gargoyle Berserker on Nov 13, 2019.
             Was a High Priest of Trog.
             Slain by a death yak (10 damage)
             ... on level 8 of the Dungeon.
             The game lasted 00:24:53 (10866 turns).

Iamsoldier the Slicer (Gargoyle Berserker)         Turns: 10866, Time: 00:24:55

Health: 0/71       AC: 18    Str: 23    XL:     11   Next: 9%
Magic:  12/12      EV: 11    Int:  8    God:    Trog [*****.]
Gold:   490        SH:  0    Dex: 10    Spells: 10/10 levels left

rFire    + . .     SeeInvis .   g - +4 dagger (vamp)
rCold    . . .     Gourm    .   (no shield)
rNeg     + . .     Faith    .   m - +0 scale mail
rPois    ∞         Spirit   .   r - +0 helmet
rElec    +         Reflect  .   (no cloak)
rCorr    .         Harm     .   b - +0 pair of gloves
MR       .....                  (no boots)
Stlth    ..........             H - amulet of regeneration
HPRegen  0.61/turn              v - ring of protection from fire
MPRegen  0.13/turn              (no ring)

@: berserk cooldown, slowed, very slow
A: negative energy resistance 1, electricity resistance, unbreathing,
petrification resistance, rot immunity, AC +8
a: Berserk, Trog's Hand, Brothers in Arms, Renounce Religion


You were on level 8 of the Dungeon.
You worshipped Trog.
Trog was extremely pleased with you.
You were hungry.

You visited 1 branch of the dungeon, and saw 9 of its levels.

You collected 490 gold pieces.

Inventory:

Hand Weapons
 g - a +4 vampiric dagger (weapon)
 E - the +1 spear of Fundamental Breach {flame, +Fly MR+ Dex+3}
   (You found it on level 6 of the Dungeon)

   It has been specially enchanted to burn those struck by it, causing extra
   injury to most foes and up to half again as much damage against particularly
   susceptible opponents.
   It affects your dexterity (+3).
   It affects your resistance to hostile enchantments.
   It lets you fly.
Missiles
 K - 5 silver javelins (quivered)
Armour
 b - a +0 pair of gloves (worn)
 m - a +0 scale mail (worn)
 r - a +0 helmet (worn)
Jewellery
 v - a ring of protection from fire (left hand)
 y - an uncursed amulet of guardian spirit
 H - an amulet of regeneration (around neck)
Wands
 q - a wand of iceblast (7)
 x - a wand of flame (1)
 G - a wand of polymorph (10)
 J - a wand of paralysis (5)
Scrolls
 a - a scroll of noise {unknown}
 d - a scroll of magic mapping
 h - 5 scrolls of enchant armour {unknown}
 k - 4 scrolls of teleportation {unknown}
 l - 10 scrolls of identify
 p - 4 scrolls of remove curse {unknown}
 t - 4 scrolls of enchant weapon {unknown}
 z - a scroll of silence {unknown}
 A - 2 scrolls of immolation {unknown}
 B - 2 scrolls of blinking {unknown}
 C - a scroll of fog {unknown}
 D - 2 scrolls of fear {unknown}
Potions
 e - a potion of haste {unknown}
 f - 5 potions of degeneration {unknown}
 i - 2 potions of agility {unknown}
 j - 5 potions of curing {unknown}
 n - 2 potions of berserk rage {unknown}
 o - 2 potions of lignification
 s - a potion of brilliance {unknown}
 u - a potion of cancellation {unknown}
 w - a potion of magic {unknown}
Comestibles
 c - 17 rations
 I - 6 chunks of flesh


   Skills:
 * Level 9.3 Fighting
 - Level 11.0 Short Blades
   Level 4.0 Maces & Flails
 + Level 6.8 Armour
 + Level 4.0 Dodging
 + Level 1.7 Evocations


You had 10 spell levels left.
You didn't know any spells.
Your spell library was empty.

Dungeon Overview and Level Annotations

Branches:
Dungeon (9/15)             Temple (0/1) D:5
   Lair: D:8-11         Orc: D:9-12

Altars:
Ashenzari
Cheibriados
Makhleb
Nemelex Xobeh
Okawaru
Ru
Vehumet
Xom

Shops:
D:7 [[


Innate Abilities, Weirdness & Mutations

You are resistant to torment.
Your stone body is resilient. (AC +8)
You are immune to poison.
You resist negative energy. (rN+)
You are resistant to electric shocks. (rElec)
You can survive without breathing.
You are immune to petrification.
You are immune to rotting.


Message History

There is a stone staircase leading down here.
You feel much better.
The killer bee stings you but does no damage.
The death yak barely misses you. The killer bee closely misses you.
The death yak gores you but does no damage.
The death yak gores you!
The killer bee stings you but does no damage.
Okay, then.
You hit the death yak.
The death yak is lightly wounded.
The killer bee barely misses you. The death yak gores you! x2
* * * LOW HITPOINT WARNING * * *
As you read the scroll labeled FOSULE ONIPN, it crumbles to dust.
You feel momentarily disoriented.
It was a scroll of magic mapping.
The killer bee misses you.
The killer bee stings you but does no damage.
The death yak barely misses you. The killer bee stings you.
* * * LOW HITPOINT WARNING * * *
The death yak gores you!
You die...

##.# #.# #[....#.# #.##
#.# ##......## .## ##'##
##..#....# ## ##...##
#...#....# ##.....##
##...#....# ##..÷(...##
#....#....#
##.........####........##
.+.........+...y...#...#
##.........####Y@Y.#..##
##.......## ##...#..#
##.....## ####.###
##...## #.# ##'##
######.# #.# #....#.# #
#.# #......# # ##.##
#......# ## ##<..##
#....###


You could see 2 death yaks and a killer bee.

Vanquished Creatures
  A two-headed ogre (D:6)
  A death yak (D:9)
  Prince Ribbit (D:5)
  2 polar bears (D:8)
  A spriggan (D:7)
  Eustachio (D:5)
  5 yaks
  Edmund (D:6)
  Duvessa (D:7)
  3 black bears
  9 ice beasts
  4 sky beasts
  4 ogres
  2 centaurs (D:6)
  A wolf (D:8)
  3 big kobolds
  Blork the orc (D:5)
  A bullfrog (D:6)
  A wyvern skeleton (D:8)
  Dowan (D:7)
  2 scorpions (D:6)
  A hornet simulacrum (D:8)
  5 killer bees (D:9)
  An electric eel (D:8)
  A howler monkey (D:8)
  4 crimson imps
  5 hounds
  A jelly (D:8)
  2 orc priests (D:3)
  A gnoll shaman (D:4)
  2 orc wizards (D:6)
  Jessica (D:3)
  3 iguanas
  6 worker ants
  A killer bee zombie (D:6)
  A hound zombie (D:8)
  A hound skeleton (D:4)
  A howler monkey zombie (D:7)
  7 gnolls
  6 adders
  2 shadow imps (D:7)
  5 white imps (D:8)
  An ufetubus (D:8)
  An ooze (D:3)
  An adder zombie (D:8)
  2 worms
  2 dart slugs
  7 leopard geckos
  16 orcs
  6 bats
  5 giant cockroaches
  7 goblins
  10 hobgoblins
  4 jackals
  19 kobolds
  2 quokkas (D:4)
  A ball python (D:2)
  5 frilled lizards
  A quokka zombie (D:6)
  10 rats
203 creatures vanquished.

Notes
Turn   | Place    | Note
-------+----------+-------------------------------------------
     0 | D:1      | Iamsoldier the Gargoyle Berserker began the quest for the
                  | Orb.
     0 | D:1      | Reached XP level 1. HP: 14/14 MP: 1/1
   278 | D:1      | Reached XP level 2. HP: 7/19 MP: 2/2
  1079 | D:1      | Reached XP level 3. HP: 23/23 MP: 3/3
  1448 | D:2      | Reached skill level 1 in Short Blades
  1705 | D:2      | Reached ** piety under Trog
  1731 | D:2      | Reached skill level 2 in Short Blades
  1731 | D:2      | Reached XP level 4. HP: 28/28 MP: 4/4
  2324 | D:3      | Noticed Jessica
  2344 | D:3      | Killed Jessica
  2869 | D:3      | Reached skill level 3 in Short Blades
  2922 | D:3      | Reached XP level 5. HP: 32/32 MP: 5/5
  2956 | D:3      | HP: 1/32 [orc priest/divine providence (12)]
  3412 | D:3      | Reached skill level 4 in Short Blades
  3681 | D:4      | Reached XP level 6. HP: 33/37 MP: 6/6
  3713 | D:4      | Reached *** piety under Trog
  3770 | D:4      | Found a burning altar of Makhleb.
  3770 | D:4      | Found a radiant altar of Vehumet.
  3778 | D:4      | Reached skill level 5 in Short Blades
  4676 | D:5      | Entered Level 5 of the Dungeon
  4679 | D:5      | Noticed Prince Ribbit
  4752 | D:5      | Noticed Blork the orc
  4768 | D:5      | Killed Blork the orc
  4768 | D:5      | Reached XP level 7. HP: 30/42 MP: 7/7
  4977 | D:5      | Reached skill level 6 in Short Blades
  5089 | D:5      | Found a staircase to the Ecumenical Temple.
  5116 | D:5      | Got a crystal whip
  5303 | D:5      | Identified the +3 whip of the Orb {flame, *Rage rElec rN+++
                  | MP+9} (You found it on level 5 of the Dungeon)
  5863 | D:5      | Noticed Eustachio
  5877 | D:5      | Killed Eustachio
  5877 | D:5      | Reached skill level 5 in Fighting
  5877 | D:5      | Reached XP level 8. HP: 49/49 MP: 6/8
  5878 | D:5      | Found a sacrificial altar of Ru.
  6024 | D:5      | Reached skill level 7 in Short Blades
  6032 | D:5      | Found a sacrificial altar of Ru.
  6106 | D:5      | Found a staircase to the Ecumenical Temple.
  6127 | D:5      | Killed Prince Ribbit
  6528 | D:6      | Noticed Edmund
  6571 | D:6      | Killed Edmund
  6597 | D:6      | Found a sparkling altar of Nemelex Xobeh.
  6597 | D:6      | Found an iron altar of Okawaru.
  6676 | D:6      | Found a snail-covered altar of Cheibriados.
  6788 | D:6      | Reached skill level 8 in Short Blades
  6961 | D:6      | Noticed a two-headed ogre
  6975 | D:6      | Killed a two-headed ogre
  6975 | D:6      | Reached skill level 9 in Short Blades
  6975 | D:6      | Reached XP level 9. HP: 56/56 MP: 3/9
  7301 | D:6      | Got a jewelled spear
  7305 | D:6      | Reached **** piety under Trog
  7307 | D:6      | Identified the +1 spear of Fundamental Breach {flame, +Fly
                  | MR+ Dex+3} (You found it on level 6 of the Dungeon)
  7911 | D:7      | Found Vicekint's Antique Armour Boutique.
  8052 | D:7      | Noticed Dowan
  8069 | D:7      | Killed Dowan
  8071 | D:7      | Noticed Duvessa
  8105 | D:7      | Killed Duvessa
  8590 | D:7      | Reached skill level 5 in Armour
  8599 | D:7      | Found Cuumul's Armour Emporium.
  9050 | D:8      | Reached XP level 10. HP: 64/64 MP: 10/10
  9060 | D:8      | Found a shattered altar of Ashenzari.
  9152 | D:8      | Reached skill level 10 in Short Blades
 10498 | D:9      | Reached ***** piety under Trog
 10563 | D:9      | Received a gift from Trog
 10605 | D:9      | Reached skill level 1 in Evocations
 10784 | D:9      | Found a shimmering altar of Xom.
 10797 | D:9      | Noticed a death yak
 10816 | D:9      | Noticed a death yak
 10820 | D:9      | Noticed a death yak
 10828 | D:9      | Killed a death yak
 10828 | D:9      | Reached skill level 11 in Short Blades
 10828 | D:9      | Reached XP level 11. HP: 71/71 MP: 10/12
 10866 | D:8      | Slain by a death yak

Levels and vault maps discovered:
D:1:      lightli_arrival_chessboard, layout_basic, minmay_vboxes
D:2:      layout_basic, st_stairs_6, minmay_split_cup_large
D:3:      layout_basic, uniq_jessica
D:4:      layout_loops_corners, grunt_temple_overflow_lords_of_destruction,
          first_ration
D:5:      layout_loops_cross, nicolae_ru_awakened_eye,
          minmay_temple_entry_water_ring, uniq_blork_the_orc, uniq_eustachio,
          uniq_prince_ribbit1
D:6:      layout_loops_corners, marbit_many_paths,
          gammafunk_temple_overflow_wave, minmay_three_doors, uniq_edmund
D:7:      layout_loops_ring, serial_shops, kennysheep_mini,
          nicolae_shop_competitors_out_of_business, kennysheep_nub, the_bakery,
          uniq_duvessa
D:8:      layout_loops_corners, evilmike_ruin_ashenzari, serial_ice,
          serial_ice_b, serial_ice_e, serial_ice_g, serial_ice_f, serial_ice_n,
          serial_ice_h, serial_ice_i
D:9:      layout_cave_pools, brannock_xom_greatest_gift, dpeg_lair_monsters,
          hangedman_abyss_or_decor_slice

Skill      XL: |  1  2  3  4  5  6  7  8  9 10 11 |
---------------+----------------------------------+-----
Maces & Flails | 4 |  4.0
Short Blades   | 2 3 4 5 6 9 11 | 11.0
Fighting       | 5 6 7 9 |  9.3
Armour         | 3 5 6 |  6.8
Dodging        | 2 3 4 |  4.0
Evocations     | 1 |  1.7

Action                   |  1- 3 |  4- 6 |  7- 9 | 10-12 || total
-------------------------+-------+-------+-------+-------++-------
Melee: Mace              |    38 |       |       |       ||    38
       Dagger            |    79 |   242 |   450 |   543 ||  1314
Invok: Berserk           |       |       |     7 |     5 ||    12
       Trog's Hand       |       |       |     1 |       ||     1
  Use: Potion            |       |     3 |     2 |     1 ||     6
       Scroll            |       |       |     4 |     2 ||     6
  Eat: Chunk             |     3 |     3 |     8 |     9 ||    23
       Ration            |       |     2 |     4 |       ||     6
Armor: Animal skin       |    38 |     7 |       |       ||    45
       Scale mail        |       |    75 |   141 |   271 ||   487
       Skin              |       |       |     3 |       ||     3
Dodge: Dodged            |    60 |   106 |   128 |   236 ||   530
